 Dungeon Crawl Stone Soup version 0.30-a0-23-ge60ba3568b (webtiles) character file.

Game seed: 4714991758015230116

26378 SensoryNuts the Severer (level 13, 0/175 HPs)
             Began as a Hill Orc Fighter on Aug 25, 2022.
             Slain by a blink frog (10 damage)
             ... on level 2 of the Lair of Beasts.
             The game lasted 00:18:03 (16508 turns).

SensoryNuts the Severer (Hill Orc Fighter)         Turns: 16508, Time: 00:18:04

Health: 0/175      AC: 13    Str: 20    XL:     13   Next: 25%
Magic:  13/13      EV: 12    Int:  8    God:
Gold:   746        SH: 10    Dex: 14    Spells: 12/12 levels left

rFire   . . .      SeeInvis .    a - +0 war axe
rCold   . . .      Faith    .    z - +0 kite shield
rNeg    . . .      Spirit   .    r - +0 acid dragon scales
rPois   +          Reflect  .    p - +2 helmet
rElec   .          Harm     .    (no cloak)
rCorr   +          Rampage  .    l - +0 pair of gloves
Will    .....                    (no boots)
Stlth   ..........               C - amulet of regeneration
HPRegen 1.19/turn                s - +4 ring of slaying
MPRegen 0.13/turn                q - ring of poison resistance

@: berserking (expiring), very quick
A: mutation resistance 1
a: no special abilities


You were on level 2 of the Lair of Beasts.
You visited 3 branches of the dungeon, and saw 16 of its levels.

You collected 746 gold pieces.

Inventory:

Hand Weapons
 a - a +0 war axe (weapon)
Missiles
 F - a throwing net (quivered)
Armour
 c - a +0 buckler
 l - a +0 pair of gloves (worn)
 p - a +2 helmet (worn)
 r - +0 acid dragon scales (worn)
 z - a +0 kite shield (worn)
Jewellery
 k - an amulet of the acrobat
 q - a ring of poison resistance (right hand)
 s - a +4 ring of slaying (left hand)
 u - a +6 ring of intelligence
 x - a ring of protection from fire
 C - an amulet of regeneration (around neck)
 E - a ring of magical power
Wands
 d - a wand of charming (3)
 f - a wand of flame (17)
 o - a wand of iceblast (19)
 t - a wand of quicksilver (12)
 w - a wand of mindburst (8)
Scrolls
 b - 2 scrolls of identify
 g - a scroll of teleportation
 h - a scroll of fear
 i - 2 scrolls of silence
 j - 3 scrolls of vulnerability
 y - a scroll of immolation
 B - a scroll of enchant weapon {unknown}
 D - a scroll of summoning {unknown}
Potions
 e - 2 potions of cancellation
 m - a potion of lignification
 n - 2 potions of brilliance
 v - a potion of flight
 A - a potion of berserk rage


   Skills:
 + Level 11.8 Fighting
 * Level 19.9 Axes
 + Level 8.6 Armour
 + Level 5.8 Dodging
 + Level 3.2 Stealth
 + Level 8.0 Shields


You had 12 spell levels left.
You didn't know any spells.
Your spell library contained the following spells:

 Spells                   Type           Power      Damage    Failure   Level
 Apportation              Tloc           0%         N/A       80%         1
 Foxfire                  Conj/Fire      0%         2x1d4     80%         1
 Magic Dart               Conj           0%         1d3       80%         1
 Necrotise                Necr           0%         1d4       80%         1
 Summon Small Mammal      Summ           0%         N/A       80%         1
 Blink                    Tloc           0%         N/A       90%         2
 Call Imp                 Summ           0%         N/A       90%         2
 Static Discharge         Conj/Air       0%         3-3/arc   90%         2
 Conjure Flame            Conj/Fire      0%         6-21      99%         3
 Gell's Gravitas          Tloc           0%         N/A       99%         3
 Inner Flame              Hex/Fire       0%         N/A       99%         3
 Lesser Beckoning         Tloc           0%         N/A       99%         3
 Mephitic Cloud           Conj/Pois/Air  0%         N/A       99%         3
 Portal Projectile        Hex/Tloc       0%         N/A       99%         3
 Stone Arrow              Conj/Erth      0%         3d7       99%         3
 Teleport Other           Tloc           0%         N/A       99%         3
 Tukima's Dance           Hex            0%         N/A       99%         3
 Animate Armour           Summ/Erth      0%         N/A       100%        4
 Animate Dead             Necr           0%         N/A       100%        4
 Dispel Undead            Necr           0%         3d6       100%        4
 Flame Wave               Conj/Fire      0%         2d4       100%        4
 Sticky Flame             Conj/Fire      0%         2d3       100%        4
 Blade Hands              Tmut           0%         N/A       100%        5
 Manifold Assault         Tloc           0%         N/A       100%        5
 Conjure Ball Lightning   Conj/Air       0%         3x3d6     100%        6
 Storm Form               Tmut/Air       0%         N/A       100%        7
 Lehudib's Crystal Spear  Conj/Erth      0%         10d2      100%        8


Dungeon Overview and Level Annotations

Branches:
Dungeon (13/15)            Temple (1/1) D:4            Lair (2/5) D:10
 Spider (0/4) Lair:2          Orc (0/2) D:12         Vaults (0/5) D:13
  Swamp: Lair:2-3    Shoals: Lair:2-3

Altars:
Ashenzari
Cheibriados
Dithmenos
Elyvilon
Fedhas
Gozag
Hepliaklqana
Kikubaaqudgha
Makhleb
Nemelex Xobeh
Okawaru
Qazlal
Ru
Sif Muna
Trog
Uskayaw
Vehumet
Wu Jian
Xom
Yredelemnul
Zin
The Shining One

Shops:
D:5 *

Portals:
Trove: D:10 (give +3 shadow dragon scales)

Annotations:
D:13 Urug


Innate Abilities, Weirdness & Mutations

You are somewhat resistant to further mutation.


Message History

The 15-headed hydra bites you but does no damage. x2
You block the 15-headed hydra's attack. x2; The 15-headed hydra bites you!
* * * LOW HITPOINT WARNING * * *
You block the 15-headed hydra's attack. The 15-headed hydra closely misses you.
The rime drake barely misses you.
You chop one of the 15-headed hydra's heads off!
The 14-headed hydra grows two more!
You hit the 16-headed hydra.
The 16-headed hydra is heavily wounded.
You hit the rime drake. You barely miss the blink frog.
The blink frog barely misses you.
You are too berserk!
Unknown command.
Unknown command.
You are too berserk!
You hit the 16-headed hydra.
The 16-headed hydra is heavily wounded.
You slash the rime drake! You miss the blink frog. The blink frog misses you.
You block the rime drake's attack. The 16-headed hydra closely misses you.
You block the 16-headed hydra's attack. The 16-headed hydra closely misses you.
The 16-headed hydra misses you. You block the 16-headed hydra's attack.
The 16-headed hydra barely misses you. The 16-headed hydra bites you.
* * * LOW HITPOINT WARNING * * *
The 16-headed hydra bites you.
* * * LOW HITPOINT WARNING * * *
The 16-headed hydra bites you but does no damage. x2
You block the 16-headed hydra's attack. The 16-headed hydra closely misses you.
The 16-headed hydra bites you.
* * * LOW HITPOINT WARNING * * *
The 16-headed hydra misses you.
The 16-headed hydra bites you but does no damage.
The 16-headed hydra bites you.
* * * LOW HITPOINT WARNING * * *
You lop one of the 16-headed hydra's heads off!
The 15-headed hydra grows two more!
You slice the 17-headed hydra!!
The 17-headed hydra is almost dead.
You slash the blink frog! You slash the rime drake!
You kill the rime drake!
The ice encasing you melts away. The blink frog hits you!
You die...

..#^..#.....†
#.#.#......#
#..#.#...†#.
##†.†###.### .
#^....####.. #.# ##
####†...†# #..
....#.####...#...##
#..
.........#..###>.#
#..
#...D@†....#####
P... ......F.†#..##
..... .......##..P#
...... #F##...
....# ...... .
####P....# #..$.##
#..... .....!.


You could see a 17-headed hydra and 2 blink frogs.

Vanquished Creatures
  Snorg (D:10)
  An ogre mage (D:12)
  A vault guard (D:10)
  A boulder beetle (D:12)
  7 two-headed ogres
  Amaemon (Lair:1)
  2 cyclopes (D:12)
  A manticore (D:12)
  2 ugly things (D:12)
  Joseph (Lair:1)
  Maurice (D:9)
  An orange demon (Lair:1)
  3 cane toads (Lair:1)
  A rime drake (Lair:2)
  3 unseen horrors
  2 komodo dragons (Lair:1)
  3 blink frogs (Lair:2)
  7 trolls
  A hornet (D:9)
  3 culicivoras (Lair:2)
  4 wraiths
  32 yaks
  Sigmund (D:2)
  A shadow (D:11)
  2 wyverns
  3 water moccasins
  An acid dragon (D:12)
  An ice beast (D:8)
  4 orc warriors
  5 ogres
  3 wolves (D:10)
  5 centaurs
  6 bullfrogs
  2 kobold brigands
  3 gnoll sergeants
  A necrophage (D:5)
  2 scorpions (D:5)
  16 wights
  10 killer bees
  The ghost of nickcage the Cudgeller, a weakling MiAK of Lugonu (D:3)
  2 electric eels (D:10)
  7 howler monkeys
  4 orc priests
  6 hounds
  2 jellies (D:5)
  2 gnoll boudas
  Natasha (D:2)
  6 iguanas
  10 orc wizards
  Robin (D:4)
  25 gnolls
  8 adders
  An ufetubus (D:5)
  2 worms (D:4)
  34 orcs
  5 bats
  8 endoplasms
  3 giant cockroaches
  20 goblins
  6 hobgoblins
  4 jackals (D:1)
  16 kobolds
  9 quokkas
  7 ball pythons
  2 frilled lizards
  6 rats (D:1)
  A butterfly (D:4)
344 creatures vanquished.

Vanquished Creatures (others)
  3 fungi (D:3)
  15 plants
18 creatures vanquished.

Grand Total: 362 creatures vanquished

Notes
Turn   | Place    | Note
-------+----------+-------------------------------------------
     0 | D:1      | SensoryNuts the Hill Orc Fighter began the quest for the
                  | Orb.
     0 | D:1      | Reached XP level 1. HP: 19/19 MP: 1/1
    95 | D:1      | Reached skill level 3 in Axes
   100 | D:1      | Reached XP level 2. HP: 23/27 MP: 2/2
   600 | D:1      | Reached XP level 3. HP: 33/33 MP: 3/3
   609 | D:1      | Reached skill level 4 in Axes
  1650 | D:2      | Noticed Sigmund
  1656 | D:2      | Killed Sigmund
  1657 | D:2      | Reached skill level 6 in Axes
  1657 | D:2      | Reached XP level 4. HP: 32/40 MP: 4/4
  1657 | D:2      | Reached XP level 5. HP: 37/46 MP: 5/5
  1805 | D:2      | Found an ancient bone altar of Kikubaaqudgha.
  1855 | D:2      | Noticed Natasha
  1871 | D:2      | Killed Natasha
  1872 | D:2      | Reached skill level 7 in Axes
  1872 | D:2      | Reached XP level 6. HP: 34/52 MP: 6/6
  2029 | D:3      | Found a broken altar of Ashenzari.
  2260 | D:3      | Found a stormy altar of Qazlal.
  2265 | D:3      | Found a blossoming altar of Fedhas.
  2570 | D:3      | Found a runed translucent gate.
  2571 | D:3      | Found a runed translucent gate.
  2571 | D:3      | Noticed nickcage's ghost (weakling MiAK)
  2572 | D:3      | Found a runed translucent gate.
  3058 | D:3      | Killed nickcage's ghost
  3059 | D:3      | Reached skill level 8 in Axes
  3581 | D:4      | Found a burning altar of Makhleb.
  3665 | D:4      | Noticed Robin
  3676 | D:4      | Reached XP level 7. HP: 58/60 MP: 7/7
  3701 | D:4      | Killed Robin
  3893 | D:4      | Identified the +1 leather armour "Ado Dairu" {Harm Rampage
                  | rCorr}
  4454 | D:4      | Found a staircase to the Ecumenical Temple.
  4461 | Temple   | Entered the Ecumenical Temple
  4551 | D:5      | Entered Level 5 of the Dungeon
  4564 | D:5      | Reached skill level 9 in Axes
  4584 | D:5      | Found a shimmering altar of Xom.
  4946 | D:5      | Found Wyagiyr's Elemental Accessories.
  5246 | D:5      | Reached skill level 1 in Dodging
  5246 | D:5      | Reached XP level 8. HP: 23/67 MP: 8/8
  5248 | D:5      | Reached skill level 10 in Axes
  5509 | D:5      | Got the Tome of Violent Dark Liturgies
  5601 | D:5      | Reached skill level 5 in Fighting
  5761 | D:5      | Reached skill level 5 in Armour
  6488 | D:6      | Found a sacrificial altar of Ru.
  6492 | D:6      | Noticed a wraith
  6520 | D:6      | Killed a wraith
  6829 | D:6      | Reached skill level 11 in Axes
  6999 | D:6      | Found a glowing silver altar of Zin.
  6999 | D:6      | Noticed an angel
  7162 | D:7      | Found an iron altar of Okawaru.
  7171 | D:7      | Reached XP level 9. HP: 71/74 MP: 9/9
  7180 | D:7      | Reached skill level 12 in Axes
  7692 | D:7      | Found a white marble altar of Elyvilon.
  7727 | D:7      | Reached skill level 13 in Axes
  9291 | D:8      | Reached skill level 14 in Axes
  9486 | D:8      | Reached XP level 10. HP: 64/83 MP: 10/10
  9498 | D:8      | Reached skill level 5 in Shields
 10176 | D:8      | Gained mutation: You are somewhat resistant to further
                  | mutation. [potion of mutation]
 10217 | D:9      | Reached skill level 1 in Stealth
 10248 | D:9      | Reached skill level 15 in Axes
 10905 | D:9      | Noticed Maurice
 10955 | D:9      | Reached skill level 16 in Axes
 10972 | D:9      | Killed Maurice
 11518 | D:10     | Entered Level 10 of the Dungeon
 11531 | D:10     | Noticed Snorg
 11544 | D:10     | Killed Snorg
 11545 | D:10     | Reached XP level 11. HP: 54/92 MP: 11/11
 11557 | D:10     | Noticed a two-headed ogre
 11843 | D:10     | Killed a two-headed ogre
 11938 | D:10     | Found a sparkling altar of Nemelex Xobeh.
 11954 | D:10     | Found a staircase to the Lair.
 11976 | D:10     | Reached skill level 17 in Axes
 12563 | D:10     | Noticed a vault guard
 12578 | D:10     | Killed a vault guard
 12584 | D:10     | Found a portal to a secret trove of treasure.
 13780 | D:12     | Noticed a two-headed ogre
 13792 | D:12     | Killed a two-headed ogre
 13873 | D:12     | Noticed a purple ugly thing
 13907 | D:12     | Killed a purple ugly thing
 13916 | D:12     | Found a staircase to the Orcish Mines.
 14107 | D:12     | Noticed a cyclops
 14107 | D:12     | Noticed a cyclops
 14107 | D:12     | Noticed a two-headed ogre
 14113 | D:12     | Killed a two-headed ogre
 14116 | D:12     | Killed a cyclops
 14117 | D:12     | Reached skill level 18 in Axes
 14117 | D:12     | Reached XP level 12. HP: 76/104 MP: 12/12
 14172 | D:12     | Noticed a two-headed ogre
 14377 | D:12     | Killed a two-headed ogre
 14508 | D:12     | Noticed a boulder beetle
 14530 | D:12     | Killed a boulder beetle
 14618 | D:12     | Noticed a two-headed ogre
 14618 | D:12     | Noticed an ogre mage
 14618 | D:12     | Noticed a two-headed ogre
 14618 | D:12     | Noticed a two-headed ogre
 14654 | D:12     | Killed an ogre mage
 14655 | D:12     | Reached skill level 10 in Fighting
 14660 | D:12     | Killed a two-headed ogre
 14672 | D:12     | Killed a two-headed ogre
 14673 | D:12     | Reached skill level 5 in Dodging
 14692 | D:12     | Killed a two-headed ogre
 14906 | D:12     | Reached skill level 19 in Axes
 15092 | D:13     | Noticed a two-headed ogre
 15092 | D:13     | Noticed a centaur warrior
 15092 | D:13     | Noticed Urug
 15092 | D:13     | Noticed an eight-headed hydra
 15092 | D:13     | Found a gate to the Vaults.
 15253 | Lair:1   | Entered Level 1 of the Lair of Beasts
 15314 | Lair:1   | Noticed Amaemon
 15335 | Lair:1   | Killed Amaemon
 15338 | Lair:1   | HP: 4/110 [komodo dragon (23)]
 15343 | Lair:1   | HP: 4/110 [poisoned by Amaemon]
 15565 | Lair:1   | Reached XP level 13. HP: 95/116 MP: 13/13
 15832 | Lair:1   | Noticed Joseph
 15850 | Lair:1   | Killed Joseph
 15969 | Lair:1   | Found a glowing golden altar of the Shining One.
 16427 | Lair:2   | Found a hole to the Spider Nest.
 16508 | Lair:2   | Slain by a blink frog

Illustrated notes

Levels and vault maps discovered:
D:1:      roderic_chinese_lattice_arrival, layout_loops_corners,
          serial_aquarium, aquarium_bridge_island_small
          [aquarium_subvault_small_open, aquarium_subvault_bridge,
          aquarium_subvault_balcony, aquarium_subvault_wall,
          aquarium_subvault_bridge], aquarium_window_corner, aquarium_window_2,
          aquarium_window_1, aquarium_window_1, aquarium_view_2e
D:2:      layout_rooms, basic_altar, uniq_sigmund, uniq_natasha
D:3:      wad_woods_tower, layout_basic, grunt_temple_overflow_forces_of_nature,
          lemuel_tele_altar, gammafunk_ghost_nasty_kobolds, serial_glass,
          glass_columns_a, glass_columns_a, glass_columns_b, glass_columns_b
D:4:      layout_basic, bloody_makhleb, minmay_temple_entry_butterflies,
          uniq_robin
D:5:      layout_rooms, mainiacjoe_overflow_catwalk,
          chequers_ossuary_entry_cave, hangedman_decor_push,
          nicolae_elemental_shop, minmay_misc_feat_enclosed, st_stairs_9
D:6:      layout_loops_ring, nicolae_ru_sacrificial_ziggurat, zin_angel,
          serial_bayou_pond_a, feat_on_display
D:7:      layout_cave_pods, old_standard_altar, overflow_temple_1_default,
          kennysheep_pointless_box, nrook_campfire
D:8:      layout_basic
D:9:      layout_irregular_city, uniq_maurice
D:10:     layout_basic, kennysheep_mini_moat, erik_lair_island, enter_trove_5,
          uniq_snorg
D:11:     layout_irregular_city, gauntlet_entry_generic,
          kennysheep_generic_room_12
D:12:     layout_long_grid, david_orc_2, minmay_joined_circles
D:13:     layout_basic, david_vaults_3, serial_bayou_pond_d, kennysheep_dice
Temple:   nicolae_temple_no_exploring_needed
Lair:1:   layout_hall_layers, basic_altar, uniq_joseph, uniq_amaemon
Lair:2:   layout_misc_corridors, minmay_shoals_entry_beasts,
          hellmonk_spider_entry_life_and_decay, columned_hall_lemuel,
          serial_bayou_shore_a

Skill      XL: |  1  2  3  4  5  6  7  8  9 10 11 12 13 |
---------------+----------------------------------------+-----
Axes           | 3 6 7 8 9 11 14 16 18 19 | 19.9
Fighting       | 4 5 6 7 9 11 | 11.8
Armour         | 4 5 6 7 8 |  8.6
Shields        | 4 5 6 7 8 |  8.0
Dodging        | 1 2 4 5 |  5.8
Stealth        | 1 2 3 |  3.2

Action                   |  1- 3 |  4- 6 |  7- 9 | 10-12 | 13-15 || total
-------------------------+-------+-------+-------+-------+-------++-------
Melee: War axe           |    85 |   111 |   447 |   583 |   100 ||  1326
  Use: Scroll            |       |     7 |     4 |     9 |       ||    20
       Potion            |       |     6 |     6 |    13 |     1 ||    26
 Stab: Sleeping          |       |       |       |     1 |     3 ||     4
       Distracted        |       |       |       |     1 |       ||     1
Armor: Scale mail        |    41 |    52 |   166 |    53 |       ||   312
       Troll leather arm |       |       |       |   113 |       ||   113
       Acid dragon scale |       |       |       |    24 |    41 ||    65
       Skin              |       |       |       |    12 |       ||    12
Dodge: Dodged            |    39 |    55 |   150 |   248 |    62 ||   554
Block: Buckler           |    16 |    22 |    84 |   129 |       ||   251
       Kite shield       |       |       |       |    52 |    60 ||   112

Table legend: (Time is in decaauts)
 A = Elapsed time spent in this place.
 B = Non-inter-level travel time spent in this place.
 C = Inter-level travel time spent in this place.
 D = Time resting spent in this place.
 E = Time spent auto-exploring this place.
 F = Levels seen in this place.
 G = Mean time per level.
                   A        B        C        D        E       F      G
               +--------+--------+--------+--------+--------+-----+--------+
         Total |  16370 |  15519 |    851 |    129 |  12450 |  16 | 1023.1 |
       Dungeon |  15240 |  14389 |    851 |    129 |  11719 |  13 | 1172.3 |
        Temple |      1 |      1 |      0 |      0 |      0 |   1 |    1.0 |
          Lair |   1128 |   1128 |      0 |      0 |    731 |   2 |  564.0 |
               +--------+--------+--------+--------+--------+-----+--------+

Top non-repeatable levels by time:
     D:8: 1638 daAuts
     D:9: 1556 daAuts
     D:5: 1514 daAuts
     D:3: 1474 daAuts
     D:7: 1436 daAuts
    D:12: 1372 daAuts
     D:1: 1210 daAuts
    D:10: 1135 daAuts
     D:4: 1124 daAuts
     D:6: 1038 daAuts
  Lair:1: 967 daAuts
    D:11: 939 daAuts
     D:2: 797 daAuts
  Lair:2: 160 daAuts
  Temple: 1 daAuts
